 Dungeon Crawl Stone Soup version 0.29-a0-338-g1ff7896281 (webtiles) character file.

Game seed: 16145114722165212287

63 gamerneger the Grave Robber (level 3, -4/24 HPs)
             Began as a Mummy Necromancer on Apr 18, 2022.
             Slain by Sigmund
             ... wielding a +0 scythe
              (5 damage)
             ... on level 2 of the Dungeon.
             The game lasted 00:19:39 (1859 turns).

gamerneger the Grave Robber (Mummy Necromancer)     Turns: 1859, Time: 00:19:40

Health: -4/24      AC:  4    Str: 11    XL:     3   Next: 89%
Magic:  2/8        EV: 11    Int: 16    God:
Gold:   122        SH:  0    Dex: 12    Spells: 8/10 levels left

rFire   x . .      SeeInvis .   e - +0 short sword
rCold   + + .      Faith    .   (no shield)
rNeg    + + +      Spirit   .   l - +1 leather armour
rPois   ∞          Reflect  .   (no helmet)
rElec   .          Harm     .   (no cloak)
rCorr   .          Rampage  .   (no gloves)
Will    .....                   (no boots)
Stlth   ++........              (no amulet)
HPRegen 0.08/turn               j - ring of protection from cold
MPRegen 0.11/turn               (no ring)

@: very slightly contaminated
A: cold resistance 1, negative energy resistance 3, torment resistance 2, heat
vulnerability 1, in touch with death 1, no potions
a: no special abilities


You were on level 2 of the Dungeon.
You visited 1 branch of the dungeon, and saw 2 of its levels.

You collected 122 gold pieces.

Inventory:

Hand Weapons
 c - a +0 hunting sling
 d - a +0 quarterstaff
 e - a +0 short sword (weapon)
 m - a +0 short sword
Missiles
 f - 81 stones
 g - 5 poisoned darts
 p - 3 boomerangs
Armour
 a - a +0 robe
 l - a +1 leather armour (worn)
 n - a +0 robe
Jewellery
 j - a ring of protection from cold (left hand)
Scrolls
 b - a scroll of vulnerability
 k - a scroll of identify
 o - a scroll of magic mapping {unknown}
Potions
 h - 2 potions of magic
 i - a potion of lignification


   Skills:
 + Level 1.8 Dodging
 + Level 1.6 Stealth
 + Level 4.0 Spellcasting
 + Level 4.7 Necromancy


You had 8 spell levels left.
You knew the following spells:

 Your Spells              Type           Power      Damage    Failure   Level
a - Pain                  Necr           100%       1d9       3%          1
b - Animate Skeleton      Necr           54%        N/A       3%          1

Your spell library contained the following spells:

 Spells                   Type           Power      Damage    Failure   Level
 Vampiric Draining        Necr           27%        2d7       10%         3
 Animate Dead             Necr           13%        N/A       30%         4
 Agony                    Necr           27%        N/A       65%         5
 Chain Lightning          Conj/Air       1%         3d2       100%        9
 Fire Storm               Conj/Fire      1%         8d1       100%        9
 Shatter                  Erth           1%         3d6*      100%        9


Dungeon Overview and Level Annotations

Branches:
Dungeon (2/15)

Altars:

Annotations:
D:2 Jessica, Sigmund


Innate Abilities, Weirdness & Mutations

You are immune to poison.
Your flesh is cold resistant. (rC+)
You are immune to negative energy. (rN+++)
You are immune to unholy pain and torment.
You are vulnerable to heat. (rF-)
You are in touch with the powers of death.
You do not drink.


Message History

Press: ? - help, Q - select action, (/) - cycle Shift-Dir - straight line, f/p - Sigmund
Aim: Sigmund, wielding a +0 scythe and wearing a +0 robe (lightly wounded, chance to affect: 88%)
You feel a surge of power!
Sigmund writhes in agony.
Aiming: Pain (safe; 3% risk of failure)
Press: ? - help, Q - select action, (/) - cycle Shift-Dir - straight line, f/p - Sigmund
Aim: Sigmund, wielding a +0 scythe and wearing a +0 robe (moderately wounded, chance to affect: 88%)
You feel a surge of power!
Sigmund writhes in agony.
Sigmund casts a spell.
Sigmund flickers and vanishes!
Deactivating autopickup; reactivate with Ctrl-A.
Your magical contamination has completely faded away.
Something tries to affect you, but you resist.
Aiming: Pain (safe; 3% risk of failure)
Press: ? - help, Q - select action, (/) - cycle Shift-Dir - straight line, f - adder
Aim: an adder (chance to affect: 88%)
Okay, then.
The adder closely misses you. Something hits you!
You completely miss the adder. The adder bites you but does no damage.
The adder bites you. Something hits you!
* * * LOW HITPOINT WARNING * * *
Aiming: Pain (safe; 3% risk of failure)
Press: ? - help, Q - select action, (/) - cycle Shift-Dir - straight line
Okay, then.
The adder bites you but does no damage. The adder attacks as you move away!
The adder closely misses you.
Aiming: Pain (safe; 3% risk of failure)
Press: ? - help, Q - select action, (/) - cycle Shift-Dir - straight line, f - adder
Aim: an adder (chance to affect: 88%)
You feel a surge of power!
The adder writhes in agony.
The adder bites you.
* * * LOW HITPOINT WARNING * * *
Unknown command.
Aiming: Pain (safe; 3% risk of failure)
Press: ? - help, Q - select action, (/) - cycle Shift-Dir - straight line, f/p - adder
Aim: an adder (heavily wounded, chance to affect: 88%)
You feel a surge of power!
You miscast Pain.
You are very lightly contaminated with residual magic.
Nothing appears to happen.
The adder bites you but does no damage. Something hits you.
You die...

#..........#.##.##..# .
#..........##....$...# #
#.........##....<†.#...#
#
#.........#...#.##.......
#.........#..##.#........
#...........@#...........
#.......###{..#.........
....... #S#.#........S
....... #@#...........
....... #.#.#.....$...
....... #.#. #......
....... #... ..!...
.....$. ... ## .... ....
....8.


You could see an adder and Jessica.

Vanquished Creatures
  A gnoll (D:1)
  An adder (D:2)
  2 worms (D:2)
  2 ball pythons
  2 endoplasms
  3 giant cockroaches
  3 goblins
  6 hobgoblins
  A quokka (D:1)
  7 bats
  8 kobolds
  A rat (D:2)
37 creatures vanquished.

Notes
Turn   | Place    | Note
-------+----------+-------------------------------------------
     0 | D:1      | gamerneger the Mummy Necromancer began the quest for the
                  | Orb.
     0 | D:1      | Reached XP level 1. HP: 13/13 MP: 4/4
     2 | D:1      | Learned a level 1 spell: Animate Skeleton
   186 | D:1      | Reached XP level 2. HP: 18/19 MP: 0/5
   885 | D:1      | Gained mutation: You are in touch with the powers of death.
                  | [Mummy growth]
   885 | D:1      | Reached XP level 3. HP: 24/24 MP: 4/7
  1790 | D:2      | Noticed Sigmund
  1841 | D:2      | Noticed Jessica
  1858 | D:2      | HP: 1/24 [adder (3)]
  1859 | D:2      | Slain by Sigmund

Illustrated notes

Levels and vault maps discovered:
D:1:      mushboom_english_gardens, layout_basic, minmay_bisected
D:2:      layout_rooms, serial_shops, nicolae_shop_statue_plus, shop,
          shapermc_ecumenical_altar_mp_ritualfount, uniq_jessica, uniq_sigmund

Skill      XL: |  1  2  3 |
---------------+----------+-----
Spellcasting   | 3 4 |  4.0
Dodging        | |  1.8
Stealth        | |  1.6
Necromancy     | |  4.7

Action                   || total
-------------------------++-------
Melee: Quarterstaff      ||    13
       Short sword       ||    11
 Cast: Pain              ||    73
  Use: Scroll            ||     6
Armor: Robe              ||     2
       Leather armour    ||     8
Dodge: Dodged            ||    25

Table legend: (Time is in decaauts)
 A = Elapsed time spent in this place.
 B = Non-inter-level travel time spent in this place.
 C = Inter-level travel time spent in this place.
 D = Time resting spent in this place.
 E = Time spent auto-exploring this place.
 F = Levels seen in this place.
 G = Mean time per level.
                   A        B        C        D        E       F      G
               +--------+--------+--------+--------+--------+-----+--------+
         Total |   1862 |   1862 |      0 |    560 |    835 |   2 |  931.0 |
       Dungeon |   1862 |   1862 |      0 |    560 |    835 |   2 |  931.0 |
               +--------+--------+--------+--------+--------+-----+--------+

Top non-repeatable levels by time:
     D:1: 1539 daAuts
     D:2: 322 daAuts
